 Dungeon Crawl Stone Soup version 0.22.1-1-ga44c0e5 (webtiles) character file.

1937 gbos the Purveyor of Pain (level 9, -1/57 HPs)
             Began as a Human Necromancer on Oct 26, 2018.
             Was an Initiate of Kikubaaqudgha.
             Slain by a wight
             ... wielding a cursed +2 scimitar
              (7 damage)
             ... on level 8 of the Dungeon.
             The game lasted 00:29:22 (9595 turns).

gbos the Purveyor of Pain (Human Necromancer)       Turns: 9595, Time: 00:29:23

Health: -1/57      AC:  4    Str:  9    XL:     9   Next: 40%
Magic:  18/18      EV: 20    Int: 19    God:    Kikubaaqudgha [......]
Gold:   527        SH:  0    Dex: 18    Spells: 8/20 levels left

rFire    + . .     SeeInvis .   z - +0 flail (holy)
rCold    . . .     Gourm    .   (no shield)
rNeg     . . .     Faith    .   a - +0 robe
rPois    .         Spirit   .   d - +1 helmet
rElec    .         Reflect  .   (no cloak)
rCorr    .         Harm     .   (no gloves)
MR       .....                  (no boots)
Stlth    +++.......             (no amulet)
HPRegen  0.19/turn              i - ring of protection from fire
MPRegen  0.16/turn              (no ring)

@: agile, heavily drained
A: no striking features
a: Renounce Religion


You were on level 8 of the Dungeon.
You worshipped Kikubaaqudgha.
Kikubaaqudgha was noncommittal.
You were near starving.

You visited 2 branches of the dungeon, and saw 9 of its levels.

You collected 527 gold pieces.

Inventory:

Hand Weapons
 b - a +1 morningstar of protection
 h - a +1 whip of draining
 q - a +1 dagger of venom
 z - a +0 flail of holy wrath (weapon)
Armour
 a - a +0 robe (worn)
 d - a +1 helmet (worn)
Jewellery
 i - a ring of protection from fire (left hand)
 p - a cursed ring of attention
Wands
 w - a wand of polymorph (20)
 y - a wand of flame (29)
Scrolls
 j - 12 scrolls of remove curse
 k - 3 scrolls of fog
 m - 3 scrolls of identify
 n - 3 scrolls of teleportation
 o - a scroll of enchant weapon
 r - a scroll of enchant armour
 s - a scroll of immolation
 v - a scroll of silence {unknown}
Potions
 e - a potion of haste {unknown}
 f - 5 potions of curing
 l - a potion of might {unknown}
 u - a potion of flight {unknown}
 x - 2 potions of degeneration {unknown}
Comestibles
 c - 6 rations


   Skills:
 * Level 6.8(4.1) Dodging
 - Level 2.0(0.0) Stealth
 + Level 6.4(3.7) Spellcasting
 + Level 8.1(5.3) Necromancy


You had 8 spell levels left.
You knew the following spells:

 Your Spells              Type           Power        Failure   Level  Hunger
a - Pain                  Necr           ###.         1%          1    None
b - Vampiric Draining     Necr           ###.......   4%          3    ###....
c - Animate Skeleton      Necr           N/A          1%          1    None
d - Animate Dead          Necr           N/A          16%         4    ####...
e - Regeneration          Chrm/Necr      ##........   14%         3    ###....

Your spell library contained the following spells:

 Spells                   Type           Power        Failure   Level  Hunger


Dungeon Overview and Level Annotations

Branches:
Dungeon (8/15)             Temple (1/1) D:7
   Lair: D:8-11

Altars:
Ashenzari
Cheibriados
Dithmenos
Elyvilon
Fedhas
Gozag
Hepliaklqana
Kikubaaqudgha
Makhleb
Nemelex Xobeh
Ru
Sif Muna
Trog
Uskayaw
Vehumet
Wu Jian
Xom
Yredelemnul

Annotations:
D:2 Crazy Yiuf
D:3 Grinder, Sigmund


Message History

* * * LOW HITPOINT WARNING * * *
Unknown command.
You hit the wight but do no damage. The wight barely misses you.
You hit the wight.
The wight convulses.
The wight is moderately damaged.
The wight closely misses you. The wight misses you.
You closely miss the wight.
The wight is moderately damaged.
The wight barely misses you.
You completely miss the wight.
The wight is moderately damaged.
The wight closely misses you.
You hit the wight but do no damage.
The wight is moderately damaged.
The wight hits you with an enchanted scimitar!
* * * LOW HITPOINT WARNING * * *
You feel agile all of a sudden.
The wight hits you with an enchanted scimitar!
You die...
Kikubaaqudgha rasps: "You have failed me!
Welcome... death!"

#
..#.#.####
......z@.#
#.#.#.##.#
# .# .# ..
.. .## ##


You could see a wight.

Vanquished Creatures
  Edmund (D:4)
  2 orc warriors
  2 ice beasts
  An ogre (D:5)
  A big kobold (D:7)
  2 bullfrogs
  2 water moccasin zombies (D:4)
  A scorpion (D:5)
  2 wights (D:6)
  A howler monkey (D:7)
  2 crimson imps
  A centaur zombie (D:4)
  6 bullfrog zombies
  2 hounds
  3 orc wizards
  4 orc priests
  A bullfrog skeleton (D:4)
  Jessica (D:1)
  Terence (D:2)
  2 hound skeletons (D:4)
  2 howler monkey zombies (D:4)
  A worker ant zombie (D:4)
  Robin (D:3)
  4 adders
  3 adder zombies
  4 worms
  3 dart slugs
  2 leopard geckos
  10 orcs
  4 ball pythons
  7 giant cockroaches
  14 goblins
  11 hobgoblins
  6 jackals
  15 kobolds
  A quokka (D:6)
  11 bats
  4 frilled lizards
  2 leopard gecko skeletons
  A leopard gecko zombie (D:6)
  3 quokka skeletons (D:4)
  A quokka zombie (D:4)
  9 rats
157 creatures vanquished.

Notes
Turn   | Place    | Note
-------+----------+-------------------------------------------
     0 | D:1      | gbos the Human Necromancer began the quest for the Orb.
     0 | D:1      | Reached XP level 1. HP: 13/13 MP: 3/3
   160 | D:1      | Reached XP level 2. HP: 15/19 MP: 0/5
   664 | D:1      | Reached XP level 3. HP: 20/24 MP: 4/6
  1171 | D:1      | Found a shattered altar of Ashenzari.
  1675 | D:2      | Noticed Jessica
  1682 | D:1      | Killed Jessica
  1682 | D:1      | Reached skill level 5 in Necromancy
  1682 | D:1      | Reached XP level 4. HP: 27/30 MP: 5/8
  1730 | D:2      | HP: 1/30 [hobgoblin/club (4)]
  1890 | D:2      | Noticed Terence
  2186 | D:1      | Learned a level 3 spell: Vampiric Draining
  2193 | D:2      | Learned a level 1 spell: Animate Skeleton
  2209 | D:2      | Killed Terence
  2209 | D:2      | Reached XP level 5. HP: 15/35 MP: 0/9
  2734 | D:2      | Found a runed door.
  3026 | D:2      | Noticed Crazy Yiuf
  3138 | D:3      | Found a snail-covered altar of Cheibriados.
  3429 | D:3      | HP: 1/35 [orc priest/divine providence (13)]
  3430 | D:3      | Reached XP level 6. HP: 2/41 MP: 4/11
  3767 | D:3      | Found a transporter.
  3818 | D:3      | Found a transporter.
  3835 | D:3      | Noticed Sigmund
  4006 | D:3      | Noticed Robin
  4087 | D:3      | Found an ornate altar of the Wu Jian Council.
  4151 | D:3      | Killed Robin
  4226 | D:3      | Noticed Grinder
  4333 | D:4      | Reached skill level 6 in Necromancy
  4526 | D:4      | Reached XP level 7. HP: 43/46 MP: 10/13
  4873 | D:4      | Noticed Edmund
  5323 | D:4      | Reached skill level 5 in Spellcasting
  5608 | D:4      | Reached XP level 8. HP: 51/52 MP: 15/15
  5902 | D:5      | Entered Level 5 of the Dungeon
  5976 | D:5      | Reached skill level 7 in Necromancy
  5983 | D:5      | Learned a level 4 spell: Animate Dead
  6071 | D:5      | Found a shadowy altar of Dithmenos.
  7263 | D:6      | Reached skill level 5 in Dodging
  7528 | D:7      | Found a staircase to the Ecumenical Temple.
  7545 | Temple   | Entered the Ecumenical Temple
  7633 | Temple   | Became a worshipper of Kikubaaqudgha
  7778 | D:7      | Learned a level 3 spell: Regeneration
  7839 | D:7      | Reached XP level 9. HP: 55/57 MP: 13/17
  8443 | D:4      | Killed Edmund
  8443 | D:4      | Reached skill level 8 in Necromancy
  9223 | D:6      | HP: 2/57 [wight/enchanted dire flail (1)]
  9595 | D:8      | Slain by a wight

Skill      XL: |  1  2  3  4  5  6  7  8  9 |
---------------+----------------------------+-----
Spellcasting   | 3 4 5 6 |  6.4
Necromancy     | 5 6 7 8 |  8.1
Dodging        | 3 5 6 |  6.8
Stealth        | |  2.0

Action                   |  1- 3 |  4- 6 |  7- 9 || total
-------------------------+-------+-------+-------++-------
Melee: Unarmed           |     2 |       |       ||     2
       Whip              |     9 |       |       ||     9
       Morningstar       |       |    62 |   202 ||   264
       Flail             |       |       |    41 ||    41
 Cast: Pain              |    63 |   102 |   100 ||   265
       Vampiric Draining |       |     4 |     7 ||    11
       Animate Dead      |       |       |     2 ||     2
       Regeneration      |       |       |     5 ||     5
  Use: Scroll            |     4 |     3 |     4 ||    11
       Potion            |       |     6 |     3 ||     9
 Stab: Sleeping          |       |     1 |     1 ||     2
       Distracted        |       |       |     1 ||     1
  Eat: Chunk             |     3 |     9 |     9 ||    21
       Ration            |       |       |     2 ||     2
Armor: Robe              |    20 |    69 |    87 ||   176
       Skin              |       |    86 |       ||    86
Dodge: Dodged            |    43 |   140 |   266 ||   449
